 Dungeon Crawl Stone Soup version 0.29.1-12-g30fa7ad0bf (webtiles) character file.

Game seed: 12802226606612351094

147 raph the Caller (level 5, 0/29 HPs)
             Began as a Deep Elf Summoner on Dec 22, 2022.
             Killed by nerve-wracking pain
             ... invoked by Menkaure
              (8 damage)
             ... in an ossuary.
             The game lasted 00:06:55 (3622 turns).

raph the Caller (Deep Elf Summoner)                 Turns: 3622, Time: 00:06:56

Health: 0/29       AC:  7    Str:  5    XL:     5   Next: 8%
Magic:  13/13      EV: 13    Int: 22    God:
Gold:   111        SH:  0    Dex: 15    Spells: 3/12 levels left

rFire   . . .      SeeInvis .   c - +1 dagger
rCold   . . .      Faith    .   (no shield)
rNeg    . . .      Spirit   .   a - +1 robe
rPois   .          Reflect  .   (no helmet)
rElec   .          Harm     .   (no cloak)
rCorr   .          Rampage  .   (no gloves)
Will    .....                   (no boots)
Stlth   ++........              m - amulet of regeneration
HPRegen 0.89/turn               f - +4 ring of protection
MPRegen 0.13/turn               (no ring)

@: no status effects
A: no striking features
a: no special abilities


You were in an ossuary.
You visited 1 branch of the dungeon, and saw 4 of its levels.
You also visited: Ossuary.

You collected 111 gold pieces.

Inventory:

Hand Weapons
 c - a +1 dagger (weapon)
Armour
 a - a +1 robe (worn)
Jewellery
 f - a +4 ring of protection (left hand)
 m - an amulet of regeneration (around neck)
Scrolls
 l - a scroll of enchant armour
 p - a scroll of fog
Potions
 b - a potion of magic
 d - a potion of lignification
 e - a potion of berserk rage
 g - a potion of attraction
 h - 3 potions of curing
 i - a potion of mutation
 j - a potion of flight {unknown}
 o - 2 potions of brilliance


   Skills:
 - Level 1.5 Fighting
 - Level 3.4 Dodging
 - Level 2.4 Stealth
 - Level 4.0 Spellcasting
 + Level 5.7 Summonings


You had 3 spell levels left.
You knew the following spells:

 Your Spells              Type           Power      Damage    Failure   Level
a - Summon Small Mammal   Summ           100%       N/A       1%          1
b - Call Imp              Summ           29%        N/A       1%          2
c - Call Canine Familiar  Summ           29%        N/A       3%          3
d - Summon Guardian Gole  Hex/Summ       17%        N/A       11%         3

Your spell library contained the following spells:

 Spells                   Type           Power      Damage    Failure   Level
 Summon Lightning Spire   Summ/Air       17%        N/A       34%         4


Dungeon Overview and Level Annotations

Branches:
Dungeon (4/15)            Ossuary (1/1)
 Temple: D:4-7

Altars:

Shops:
D:2 (   D:3 (

Annotations:
Ossuary Menkaure


Message History

Menkaure closely misses you.
Your bat hits Menkaure but does no damage.
Your hound bites Menkaure.
Menkaure completely misses you.
You hit Menkaure.
Menkaure is moderately damaged.
Your bat hits Menkaure but does no damage.
Your hound bites Menkaure.
Your bat barely misses Menkaure.
Menkaure points at you and mumbles some strange words.
You struggle to resist.
Your bat hits Menkaure.
Your hound barely misses Menkaure.
You barely miss Menkaure.
Menkaure is heavily damaged.
Your bat hits Menkaure.
Your bat hits Menkaure but does no damage.
Your hound bites Menkaure.
Menkaure casts a spell at you. Pain shoots through your body!
* * * LOW HITPOINT WARNING * * *
Your bat hits Menkaure but does no damage.
You hit Menkaure.
Menkaure is severely damaged.
Your hound disappears in a puff of smoke!
Your bat hits Menkaure but does no damage.
Your bat hits Menkaure. Menkaure hits your bat!!
Your bat dies!
Your bat's corpse disappears in a puff of smoke!
You hit Menkaure.
Menkaure is almost destroyed.
Menkaure barely misses you.
You hit Menkaure.
Menkaure is almost destroyed.
Menkaure barely misses you.
Your iron imp closely misses Menkaure.
Menkaure closely misses you.
Okay, then.
You barely miss Menkaure.
Menkaure is almost destroyed.
Your iron imp barely misses Menkaure.
Menkaure points at you and mumbles some strange words.
Pain shoots through your body!
You die...

##..##..##....##..#
##..##..##..##..##..
##..##..##..####..##.
##..##..##..## ##..##
##..##..##..## ##..#
##..##..##..## ##..
##..##..##.^## ##.
##..##..##5.## ## ##..##..##@M##
# ##..##..##..## ##..##..##....
##..##..######################
##..##.........................
##..############################
#...............................
################################


You could see Menkaure (fast, ally target) and a friendly iron imp (summoned).

Vanquished Creatures
  A worm (D:2)
  A dart slug (D:3)
  An endoplasm (D:1)
  A giant cockroach (D:3)
  3 goblins
  A hobgoblin (D:2)
  A quokka (D:3)
  A ball python (D:1)
  3 bats
13 creatures vanquished.

Vanquished Creatures (collateral kills)
  A hound (D:3)
  3 gnolls (D:2)
  An adder (D:2)
  2 dart slugs
  An orc (D:3)
  2 endoplasms (D:2)
  A giant cockroach (D:1)
  4 gnoll zombies (Ossuary)
  3 goblins
  2 hobgoblins
  A quokka (D:3)
  A ball python (D:1)
  2 bats
  A frilled lizard (D:3)
  3 gnoll skeletons (Ossuary)
  4 goblin zombies (Ossuary)
  10 hobgoblin skeletons (Ossuary)
  3 hobgoblin zombies (Ossuary)
  A kobold (D:3)
  3 kobold skeletons (Ossuary)
  3 kobold zombies (Ossuary)
  4 orc skeletons (Ossuary)
  2 orc zombies (Ossuary)
  3 rats
  4 rat skeletons (Ossuary)
  7 rat zombies (Ossuary)
72 creatures vanquished.

Grand Total: 85 creatures vanquished

Notes
Turn   | Place    | Note
-------+----------+-------------------------------------------
     0 | D:1      | raph the Deep Elf Summoner began the quest for the Orb.
     0 | D:1      | Reached XP level 1. HP: 10/10 MP: 6/6
   374 | D:1      | Found a faded altar of an unknown god.
   666 | D:1      | Reached XP level 2. HP: 15/16 MP: 4/8
  1121 | D:2      | Learned a level 2 spell: Call Imp
  1296 | D:2      | Reached XP level 3. HP: 20/20 MP: 4/9
  1300 | D:2      | Learned a level 3 spell: Call Canine Familiar
  1337 | D:2      | Reached skill level 1 in Fighting
  1337 | D:2      | Reached skill level 5 in Summonings
  1810 | D:2      | Found Dinama Seag's Weapon Emporium.
  2627 | D:3      | Reached XP level 4. HP: 25/25 MP: 11/11
  2662 | D:3      | Learned a level 3 spell: Summon Guardian Golem
  2770 | D:3      | Found Maolig's Weapon Shoppe.
  2995 | D:4      | Found a sand-covered staircase.
  3003 | Ossuary  | Entered an ossuary
  3417 | Ossuary  | Reached XP level 5. HP: 29/29 MP: 10/13
  3611 | Ossuary  | Noticed Menkaure
  3622 | Ossuary  | Killed from afar by Menkaure

Illustrated notes

Levels and vault maps discovered:
D:1:      minmay_arrival_checkered_box, layout_loops_ring,
          shapermc_ecumenical_altar_ellora
D:2:      layout_loops_corners, serial_shops, nicolae_shop_waterfront
D:3:      layout_basic, serial_shops, nicolae_square_shop
D:4:      cheibrodos_greedy_goblins, layout_basic,
          nicolae_ossuary_entry_monument, amethyst_killhole
Ossuary:  ossuary_due_pyramid

Skill      XL: |  1  2  3  4 |
---------------+-------------+-----
Fighting       | 1 |  1.5
Dodging        | 3 |  3.4
Summonings     | 5 |  5.7
Spellcasting   | 4 |  4.0
Stealth        | |  2.4

Action                   |  1- 3 |  4- 6 || total
-------------------------+-------+-------++-------
Melee: Dagger            |    48 |    20 ||    68
 Cast: Summon Small Mamm |    30 |     3 ||    33
       Call Imp          |    10 |     7 ||    17
       Call Canine Famil |     6 |     8 ||    14
  Use: Scroll            |     8 |     4 ||    12
 Stab: Sleeping          |     1 |     4 ||     5
       Distracted        |     1 |       ||     1
Armor: Robe              |    33 |     4 ||    37
Dodge: Dodged            |    72 |    11 ||    83
